 Dungeon Crawl Stone Soup version 0.31.0-11-ge490571c62 (console) character file.

Game seed: 1627369107124259525

3438 biznut the Covert (level 9, 0/41 HPs)
             Began as a Spriggan Enchanter on Feb 10, 2024.
             Was a Follower of Uskayaw.
             Slain by a +0 glaive (13 damage)
             ... animated by the player character
             ... in a bailey.
             The game lasted 00:59:42 (7265 turns).

biznut the Covert (Spriggan Enchanter)              Turns: 7265, Time: 00:59:44

Health: 0/41       AC:  3    Str:  6    XL:     9   Next: 77%
Magic:  0/22       EV: 19    Int: 29    God:    Uskayaw [*.....]
Gold:   692        SH:  0    Dex: 17    Spells: 13/24 levels left

rFire   . . .        r - +2 dagger (venom)
rCold   + . .        (no shield)
rNeg    . . .        b - +1 robe
rPois   .            (helmet restricted)
rElec   .            (no cloak)
rCorr   .            (gloves unavailable)
SInv    +            (boots unavailable)
Will    +....        (no amulet)
Stlth   +++++        D - +6 ring of intelligence
HPRegen 0.26/turn    E - ring of Wiaboemm {rC+ Str+2 Int+2 Dex+2 SInv}
MPRegen 0.18/turn

%: no passive effects
@: very quick
A: very small, no large weapons, unfitting armour, see invisible, speed 3
a: Renounce Religion, Stomp


You were in a bailey.
You worshipped Uskayaw.
Uskayaw was noncommittal.
You visited 2 branches of the dungeon, and saw 9 of its levels.
You also visited: Bailey.

You collected 692 gold pieces.

Inventory:

Hand Weapons
 k - a +0 long sword
 r - a +2 dagger of venom (weapon)
 s - a +0 rapier
Missiles
 e - 74 stones
 f - 7 boomerangs
 u - a curare-tipped dart
 x - 19 poisoned darts
 F - 4 throwing nets
Armour
 b - a +1 robe (worn)
Jewellery
 t - a ring of resist corrosion
 D - a +6 ring of intelligence (left hand)
 E - the ring of Wiaboemm (right hand) {rC+ Str+2 Int+2 Dex+2 SInv}
   (You found it on level 8 of the Dungeon)

   [ring of see invisible]

   Str+2:     It affects your strength (+2).
   Int+2:     It affects your intelligence (+2).
   Dex+2:     It affects your dexterity (+2).
   rC+:       It protects you from cold.
   SInv:      It lets you see invisible.
Wands
 d - a wand of charming (29)
 g - a wand of quicksilver (10)
 j - a wand of roots (16)
Scrolls
 a - a scroll of revelation
 n - 3 scrolls of teleportation
 v - a scroll of enchant armour
 y - a scroll of identify
 A - a scroll of butterflies {unknown}
 B - a scroll of amnesia {unknown}
 C - a scroll of brand weapon {unknown}
Potions
 c - a potion of invisibility
 h - a potion of mutation
 i - a potion of might
 l - a potion of enlightenment
 m - a potion of ambrosia {unknown}
 o - a potion of degeneration {unknown}
 p - a potion of magic {unknown}
 q - a potion of curing
 w - 2 potions of heal wounds {unknown}
 z - a potion of lignification {unknown}


   Skills:
 + Level 1.5 Fighting
 + Level 3.9 Short Blades
 + Level 4.9 Dodging
 + Level 11.6 Stealth
 + Level 8.2 Spellcasting
 + Level 8.4 Hexes
 + Level 0.1 Translocations
 * Level 5.8 Invocations
 + Level 0.7 Evocations


You had 13 spell levels left.
You knew the following spells:

 Your Spells              Type           Power      Damage    Failure   Level
a - Ensorcelled Hibernat  Hex/Ice        72%        N/A       1%          2
b - Confusing Touch       Hex            57%        N/A       1%          3
c - Tukima's Dance        Hex            57%        N/A       1%          3
d - Volatile Blastmotes   Fire/Tloc      24%        2d12      13%         3

Your spell library contained the following spells:

 Spells                   Type           Power      Damage    Failure   Level
 Dazzling Flash           Conj/Hex       72%        N/A       2%          3
 Foxfire                  Conj/Fire      44%        2x1d6     4%          1
 Kiss of Death            Conj/Necr      44%        2d8       4%          1
 Dimensional Bullseye     Hex/Tloc       18%        N/A       8%          4
 Yara's Violent Unravell  Hex/Alch       18%        3d9       22%         5
 Passage of Golubria      Tloc           12%        N/A       38%         4
 Dispel Undead            Necr           11%        3d9       41%         4
 Iskenderun's Mystic Bla  Conj/Tloc      12%        2d5       41%         4
 Leda's Liquefaction      Alch/Erth      5%         N/A       41%         4
 Lee's Rapid Deconstruct  Erth           5%         3d6*      77%         5
 Bombard                  Conj/Erth      5%         9d2       100%        6
 Plasma Beam              Fire/Air       5%         2x1d16    100%        6
 Starburst                Conj/Fire      5%         6d4       100%        6
 Haunt                    Necr/Summ      5%         N/A       100%        7
 Borgnjor's Revivificati  Necr           5%         N/A       100%        8
 Maxwell's Capacitive Co  Air            5%         ∞         100%        8
 Death's Door             Necr           5%         N/A       100%        9


Dungeon Overview and Level Annotations

Branches:
Dungeon (8/15)             Temple (1/1) D:5          Bailey (1/1)
   Lair: D:8-11

Altars:
Ashenzari
Cheibriados
Dithmenos
Elyvilon
Fedhas
Hepliaklqana
Kikubaaqudgha
Makhleb
Nemelex Xobeh
Okawaru
Qazlal
Ru
Sif Muna
Trog
Uskayaw
Vehumet
Wu Jian
Xom
Yredelemnul
Zin
The Shining One

Annotations:
D:8 exclusion: obsidian statue


Innate Abilities, Weirdness & Mutations

You are very small and have problems with some larger weapons.
You are too small for most types of armour.
You have supernaturally acute eyesight. (SInv)
You cover ground extremely quickly. (Speed+++)


Message History

The bolt of dispelling energy hits the gnoll sergeant!
The gnoll sergeant is almost dead.
The bolt of dispelling energy misses the wolf.
The gnoll sergeant misses you.
Okay, then.
You feel better. The gnoll sergeant closely misses you.
Okay, then.
You hit the gnoll sergeant.
The gnoll sergeant is poisoned.
The gnoll sergeant is almost dead.
The gnoll sergeant hits you but does no damage.
Okay, then.
You hit the gnoll sergeant but do no damage.
The gnoll sergeant is almost dead.
The gnoll sergeant hits you but does no damage.
Okay, then.
You hit the gnoll sergeant but do no damage.
The gnoll sergeant looks even sicker.
The gnoll sergeant is almost dead.
You hit the gnoll sergeant but do no damage.
The gnoll sergeant looks as sick as possible!
The gnoll sergeant is almost dead.
The gnoll sergeant hits you.
You barely miss the gnoll sergeant.
You punch the gnoll sergeant, but do no damage.
The gnoll sergeant is almost dead.
You kill the gnoll sergeant!
Press: ? - help, v - describe, . - travel, g - get item
Items here: a +0 halberd; a +0 ring mail.
The floor.
Press: ? - help, v - describe, . - travel, g - get item
Here: a +0 glaive (heavily damaged, unaware, hasn't noticed you) Item here: a throwing net.
The floor.
Activating: Stomp
Press: ? - help, Q - select action, (/) - cycle Dir - look around, f - activate You stomp with the beat, sending a shockwave through the revellers around you!
You kill the wolf!
You can no longer pass through a line of other dancers.
The +0 glaive hits you from afar!
You die...

### ♣∩♣ ♣@♣ ♣♣[♣♣
♣♣♣♣()(♣♣
♣♣..)))..♣♣♣♣
♣♣♣....)(.....♣♣♣
♣♣.......))......♣♣
♣♣≈≈≈≈≈≈≈)).≈≈≈≈≈≈≈♣♣
♣≈≈......)[.......≈≈♣
♣≈.................≈♣


You could see a +0 glaive.

Vanquished Creatures
  Sigmund (D:4)
  A yak (D:8)
  Eustachio (D:4)
  2 water moccasins
  Duvessa (D:5)
  An orc warrior (D:7)
  A sky beast (D:6)
  A black bear (D:5)
  2 ice beasts
  4 ogres
  A phantom (D:6)
  A wolf (Bailey)
  3 kobold brigands
  7 gnoll sergeants (Bailey)
  2 scorpions
  Dowan (D:5)
  A bombardier beetle (D:5)
  A jelly (D:4)
  An orc priest (D:7)
  7 hounds
  3 sleepcaps
  3 gnoll boudas
  3 iguanas
  5 orc wizards (D:7)
  16 gnolls
  6 adders
  A shadow imp (D:8)
  6 ufetubi
  4 dart slugs
  14 orcs
  5 ball pythons
  4 endoplasms
  4 hobgoblins
  2 bats
  3 frilled lizards
  5 goblins
  19 kobolds
  A rat (D:3)
144 creatures vanquished.

Vanquished Creatures (collateral kills)
  A gnoll bouda (Bailey)
  2 gnolls (Bailey)
3 creatures vanquished.

Vanquished Creatures (others)
  A dancing weapon (Bailey)
  A gnoll sergeant (Bailey)
2 creatures vanquished.

Grand Total: 149 creatures vanquished

Notes
Turn   | Place    | Note
-------+----------+-------------------------------------------
     0 | D:1      | biznut the Spriggan Enchanter began the quest for the Orb.
     0 | D:1      | Reached XP level 1. HP: 9/9 MP: 5/5
   428 | D:1      | Reached skill level 5 in Stealth
   446 | D:1      | Reached XP level 2. HP: 13/13 MP: 7/7
   466 | D:1      | Learned a level 2 spell: Ensorcelled Hibernation
  1356 | D:3      | Reached XP level 3. HP: 16/16 MP: 8/8
  1495 | D:3      | Reached skill level 6 in Stealth
  1624 | D:3      | Learned a level 3 spell: Confusing Touch
  1710 | D:3      | Found a hide-covered altar of Uskayaw.
  1715 | D:3      | Became a worshipper of Uskayaw the Reveller
  2374 | D:4      | Reached * piety under Uskayaw
  2417 | D:4      | Reached XP level 4. HP: 21/21 MP: 10/10
  2489 | D:4      | Noticed Eustachio
  2626 | D:4      | Killed Eustachio
  2627 | D:4      | Reached skill level 1 in Invocations
  2627 | D:4      | Reached XP level 5. HP: 23/24 MP: 9/12
  2771 | D:4      | Reached skill level 7 in Stealth
  2823 | D:4      | Reached XP level 6. HP: 28/28 MP: 13/13
  2831 | D:4      | Noticed Sigmund
  2838 | D:4      | Killed Sigmund
  2838 | D:4      | Reached ** piety under Uskayaw
  2839 | D:4      | Reached skill level 8 in Stealth
  2839 | D:4      | Reached skill level 5 in Hexes
  3047 | D:4      | Identified the +2 ring mail of Hiereul {*Slow rElec rF+
                  | rCorr}
  3300 | D:5      | Entered Level 5 of the Dungeon
  3316 | D:5      | Reached XP level 7. HP: 32/32 MP: 12/15
  3390 | D:5      | Reached skill level 5 in Spellcasting
  3714 | D:5      | Found a staircase to the Ecumenical Temple.
  3731 | D:5      | Reached skill level 9 in Stealth
  3752 | Temple   | Entered the Ecumenical Temple
  3863 | D:5      | Noticed Duvessa
  3864 | D:5      | Noticed Dowan
  3873 | D:5      | Killed Duvessa
  3874 | D:5      | Reached skill level 1 in Fighting
  3876 | D:5      | Killed Dowan
  3877 | D:5      | Reached XP level 8. HP: 37/37 MP: 6/17
  4484 | D:6      | Reached skill level 10 in Stealth
  5096 | D:6      | Reached XP level 9. HP: 17/41 MP: 18/20
  5740 | D:7      | Reached skill level 11 in Stealth
  5891 | D:7      | Learned a level 3 spell: Tukima's Dance
  6339 | D:8      | Noticed an obsidian statue
  6475 | D:8      | Reached skill level 5 in Invocations
  6601 | D:8      | Identified the ring of Wiaboemm {rC+ Str+2 Int+2 Dex+2
                  | SInv}
  6612 | D:8      | Found a flagged portal.
  6630 | Bailey   | Entered a bailey
  6997 | Bailey   | Learned a level 3 spell: Volatile Blastmotes
  7265 | Bailey   | Slain by a +0 glaive

Illustrated notes

Levels and vault maps discovered:
D:1:      enne_arrival_octagon_isle, layout_basic
D:2:      layout_loops_ring
D:3:      layout_basic, mainiacjoe_overflow_tiny_flanked
D:4:      layout_basic, uniq_sigmund, uniq_eustachio
D:5:      layout_rooms, minmay_temple_entry_purple_smoke, uniq_duvessa
D:6:      layout_basic, hangedman_decor_slide_cut
D:7:      layout_rooms, grunt_ministairs_6
D:8:      minmay_statue_hallways, layout_layer_cave, serial_shops,
          nicolae_shop_just_a_little_nook, enter_bailey_2
Temple:   nicolae_temple_slightly_damp_pantheon
Bailey:   bailey_polearm_gnolls_kennysheep, bailey

Skill      XL: |  1  2  3  4  5  6  7  8  9 |
---------------+----------------------------+-----
Spellcasting   | 3 4 5 6 8 |  8.2
Stealth        | 5 6 7 8 9 10 11 | 11.6
Hexes          | 4 5 6 7 8 |  8.4
Short Blades   | 2 3 |  3.9
Dodging        | 3 4 |  4.9
Invocations    | 1 2 3 4 5 |  5.8
Fighting       | 1 |  1.5
Translocations | |  0.1
Evocations     | |  0.7

Action                     |  1- 3 |  4- 6 |  7- 9 || total
---------------------------+-------+-------+-------++-------
  Melee: Dagger            |    64 |    12 |   364 ||   440
         Punch             |       |       |    12 ||    12
  Throw: Boomerang         |       |       |     3 ||     3
   Cast: Ensorcelled Hiber |     8 |     8 |    23 ||    39
         Confusing Touch   |       |       |    69 ||    69
         Tukima's Dance    |       |       |     4 ||     4
         Volatile Blastmot |       |       |     4 ||     4
 Invoke: Stomp             |       |     2 |     5 ||     7
         Line Pass         |       |       |     3 ||     3
  Evoke: Wand              |       |       |    20 ||    20
    Use: Scroll            |     5 |     1 |     4 ||    10
         Potion            |       |     1 |     1 ||     2
   Stab: Sleeping          |    20 |     8 |    21 ||    49
         Confused          |       |       |    34 ||    34
         Distracted        |       |       |     1 ||     1
 Armour: Robe              |    12 |     2 |    99 ||   113
  Dodge: Dodged            |    43 |     6 |   288 ||   337
